 Dungeon Crawl Stone Soup version 0.26-a0-664-gc8b27b8fc1 (webtiles) character file.

Game seed: 8213916955646638081

219 Kinoniko the Skirmisher (level 5, -3/55 HPs)
             Began as an Ogre Hunter on Oct 13, 2020.
             Slain by a gnoll
             ... wielding a +0 spear
              (8 damage)
             ... on level 3 of the Dungeon.
             The game lasted 00:03:38 (2795 turns).

Kinoniko the Skirmisher (Ogre Hunter)               Turns: 2795, Time: 00:03:40

Health: -3/55      AC:  4    Str: 16    XL:     5   Next: 96%
Magic:  5/5        EV: 10    Int: 12    God:
Gold:   171        SH:  0    Dex: 10    Spells: 4/4 levels left

rFire    . . .     SeeInvis .   l - +0 rapier
rCold    . . .     Faith    .   (no shield)
rNeg     . . .     Spirit   .   c - +0 robe
rPois    .         Reflect  .   (helmet restricted)
rElec    .         Harm     .   k - +0 cloak
rCorr    .         Rampage  .   (gloves unavailable)
MR       .....                  (boots unavailable)
Stlth    +.........             (no amulet)
HPRegen  0.18/turn              (no ring)
MPRegen  0.09/turn              (no ring)

@: no status effects
A: large, unfitting armour, tough skin 1
a: no special abilities


You were on level 3 of the Dungeon.
You visited 1 branch of the dungeon, and saw 3 of its levels.

You collected 171 gold pieces.

Inventory:

Hand Weapons
 a - a +1 hand crossbow
 b - a +0 short sword
 l - a +0 rapier (weapon)
Missiles
 d - 8 bolts
Armour
 c - a +0 robe (worn)
 k - a +0 cloak (worn)
Scrolls
 e - 2 scrolls of amnesia
 g - 7 scrolls of identify
 h - 4 scrolls of remove curse {unknown}
 j - a scroll of fear {unknown}
Potions
 f - 3 potions of brilliance {unknown}
 i - 2 potions of lignification {unknown}
 m - 2 potions of berserk rage {unknown}
 n - 2 potions of curing {unknown}


   Skills:
 + Level 4.6 Fighting
 + Level 1.6 Short Blades
 * Level 4.4 Crossbows
 - Level 1.7 Dodging
 - Level 0.6 Stealth


You had 4 spell levels left.
You didn't know any spells.
Your spell library was empty.

Dungeon Overview and Level Annotations

Branches:
Dungeon (3/15)

Altars:


Innate Abilities, Weirdness & Mutations

You are too large for most types of armour.
You have tough skin. (AC +1)


Message History

You are too injured to fight recklessly!
You are too injured to fight recklessly!
You hit the gnoll.
The gnoll is moderately wounded.
The gnoll hits you with a +0 spear!
* * * LOW HITPOINT WARNING * * *
The gnoll barely misses you.
You closely miss the gnoll.
The gnoll is moderately wounded.
The gnoll hits you with a +0 spear.
* * * LOW HITPOINT WARNING * * *
The gnoll barely misses you.
You hit the gnoll.
The gnoll is heavily wounded.
The gnoll closely misses you. x2; The gnoll hits you with a +0 spear.
* * * LOW HITPOINT WARNING * * *
You completely miss the gnoll.
The gnoll is heavily wounded.
The gnoll hits you but does no damage. The gnoll hits you with a +0 spear!
You die...

....'..................>#.#...#.#
....##.#.#..#.#####.#.###.#.....#
.....#.#.#....#####.#.###.###.###
##...#.#.#..#.......#...#+###.#
.#.).#.#.#..#######...........###
.....+.#.........##..........†#..
.....#####...###.##...........#.#
#........#...# #.##.#'....###.#..
.............# #@##..'....# #.###
#............# #g#####....###.###
##...........##.g. #...........
..(...........#..#. #...####.###
.....####..#######.# #..†# #.#..
.....# #..# . ###'####.#(#
.....####..# #. #.........#
.........).# .##..........
..###.####.#.##########.........#


You could see 2 gnolls.

Vanquished Creatures
  A centaur (D:3)
  Natasha (twice) (D:3)
  A gnoll (D:3)
  2 adders
  2 oozes (D:1)
  3 dart slugs
  2 leopard geckos
  2 orcs (D:3)
  5 giant cockroaches
  3 goblins
  8 hobgoblins
  2 jackals (D:1)
  2 kobolds
  A quokka (D:3)
  A ball python (D:1)
  4 bats
  2 frilled lizards
  4 rats
47 creatures vanquished.

Notes
Turn   | Place    | Note
-------+----------+-------------------------------------------
     0 | D:1      | Kinoniko the Ogre Hunter began the quest for the Orb.
     0 | D:1      | Reached XP level 1. HP: 22/22 MP: 1/1
   132 | D:1      | Reached XP level 2. HP: 31/31 MP: 2/2
   271 | D:1      | Reached XP level 3. HP: 37/37 MP: 3/3
  1626 | D:3      | Reached XP level 4. HP: 48/48 MP: 4/4
  1750 | D:3      | Noticed a centaur
  1755 | D:3      | Killed a centaur
  1755 | D:3      | Reached skill level 1 in Short Blades
  1755 | D:3      | Reached XP level 5. HP: 23/54 MP: 5/5
  2183 | D:3      | Noticed Natasha
  2190 | D:3      | Killed Natasha
  2476 | D:3      | Noticed Natasha
  2486 | D:3      | Killed Natasha
  2795 | D:3      | Slain by a gnoll

Illustrated notes

Levels and vault maps discovered:
D:1:      minmay_arrival_solitary_statue, layout_basic,
          minmay_misc_feat_enclosed, hangedman_abyss_or_decor_lesser_grid
D:2:      layout_rooms, minmay_worlds_worst_comb
D:3:      layout_basic, uniq_natasha

Skill      XL: |  1  2  3  4 |
---------------+-------------+-----
Crossbows      | 3 4 |  4.4
Fighting       | 3 4 |  4.6
Short Blades   | 1 |  1.6
Dodging        | |  1.7
Stealth        | |  0.6

Action                   |  1- 3 |  4- 6 || total
-------------------------+-------+-------++-------
Melee: Rapier            |       |     9 ||     9
 Fire: Hand crossbow     |    64 |    39 ||   103
  Use: Scroll            |     2 |       ||     2
Armor: Robe              |     5 |       ||     5
Dodge: Dodged            |    12 |    10 ||    22

Table legend: (Time is in decaauts)
 A = Elapsed time spent in this place.
 B = Non-inter-level travel time spent in this place.
 C = Inter-level travel time spent in this place.
 D = Time resting spent in this place.
 E = Time spent auto-exploring this place.
 F = Levels seen in this place.
 G = Mean time per level.
                   A        B        C        D        E       F      G
               +--------+--------+--------+--------+--------+-----+--------+
         Total |   2832 |   2798 |     34 |    400 |   2114 |   3 |  944.0 |
       Dungeon |   2832 |   2798 |     34 |    400 |   2114 |   3 |  944.0 |
               +--------+--------+--------+--------+--------+-----+--------+

Top non-repeatable levels by time:
     D:3: 1245 daAuts
     D:1: 1104 daAuts
     D:2: 482 daAuts
